 Dungeon Crawl Stone Soup version 0.32-a0-314-g526f7d4993 (webtiles) character file.

Game seed: 3250894765026694154

135652 ezpacito the Severer (level 16, -17/137 HPs)
             Began as a Demonspawn Berserker on Feb 15, 2024.
             Was the Champion of Lugonu.
             Killed from afar by a merfolk aquamancer (32 damage)
             ... with a shard of ice
             ... on level 2 of the Shoals.
             The game lasted 00:57:29 (20200 turns).

ezpacito the Severer (Demonspawn Berserker)        Turns: 20200, Time: 00:57:30

Health: -17/137    AC: 31    Str: 29    XL:     16   Next: 42%
Magic:  0/22       EV: 12    Int: 10    God:    Lugonu [******]
Gold:   396        SH:  0    Dex: 20    Spells: 4/23 levels left

rFire   + + .        q - +10 battleaxe "Jellyslayer" {heavy, rElec rPois rF+ rC+ Stlth-}
rCold   . . .        (shield currently unavailable)
rNeg    + . .        b - +7 plate armour of Trumpets {Str+3}
rPois   +            w - +2 helmet
rElec   +            r - +2 cloak {rF+}
rCorr   +            l - -1 pair of gloves of the Game of Life {+Blink rF- rN+ Dex+7}
SInv    +            (no boots)
Will    +....        g - amulet of Impatience {Faith Regen+ SInv} Stlth
                     d - ring of resist corrosion
HPRegen 1.22/turn    v - ring of Linearity {Fire rPois Str+3 Slay+4}
MPRegen 0.36/turn

%: guardian spirit, faith
@: weak-willed, on blink cooldown, enlightened, flying, mesmerised
A: hooves 2, foul stench 1, magic shield, magic regeneration, sharp scales 2,
robust 1, shaggy fur 1
a: Renounce Religion, Evoke Blink, Depart the Abyss, Banish, Corrupt, Enter the
Abyss


You were on level 2 of the Shoals.
You worshipped Lugonu.
Lugonu was exalted by your worship.
You visited 6 branches of the dungeon, and saw 26 of its levels.
You visited the Abyss 1 time.
You also visited: Sewer, Ossuary and Volcano.

You collected 2661 gold pieces.
You spent 2265 gold pieces at shops.

Inventory:

Hand Weapons
 a - a +5 battleaxe of flaming
 q - the +10 battleaxe "Jellyslayer" (weapon) {heavy, rElec rPois rF+ rC+ Stlth-}
   (Trog gifted it to you on level 5 of the Dungeon)

   rF+:       It protects you from fire.
   rC+:       It protects you from cold.
   rElec:     It insulates you from electricity.
   rPois:     It protects you from poison Stlth-: It makes you less stealthy.
 N - a +9 executioner's axe of distortion
Missiles
 c - 39 boomerangs (quivered)
 m - 4 curare-tipped darts
 C - 14 atropa-tipped darts
 K - 36 poisoned darts
 T - a throwing net
 U - 6 silver javelins
Armour
 b - the +7 plate armour of Trumpets (worn) {Str+3}
   (You acquired it on level 2 of the Dungeon)

   Str+3:     It affects your strength (+3).
 l - the -1 pair of gloves of the Game of Life (worn) {+Blink rF- rN+ Dex+7}
   (You found it on level 3 of the Dungeon)

   Dex+7:     It affects your dexterity (+7).
   rF-:       It makes you vulnerable to fire.
   rN+:       It protects you from negative energy.
   +Blink:    It lets you blink.
 r - a +2 cloak of fire resistance (worn)
 w - a +2 helmet (worn)
 Q - +0 acid dragon scales
Jewellery
 d - a ring of resist corrosion (left hand)
 g - the amulet of Impatience (around neck) {Faith Regen+ SInv}
   (You acquired it on level 2 of the Dungeon)

   [amulet of faith]

   Faith:     It allows you to gain divine favour quickly.
   SInv:      It lets you see invisible.
   Regen+:    It increases your rate of health regeneration.
 p - an amulet of reflection
 u - a ring of ice
 v - the ring of Linearity (right hand) {Fire rPois Str+3 Slay+4}
   (You acquired it on level 2 of the Dungeon)

   [ring of fire]

   Fire:      It enhances your fire magic.
   Str+3:     It affects your strength (+3).
   Slay+4:    It affects your accuracy & damage with ranged weapons and melee
   (+4).
   rF+:       It protects you from fire.
   rC-:       It makes you vulnerable to cold.
   rPois:     It protects you from poison
 I - a +4 ring of slaying
 Z - a ring of positive energy
Talismans
 e - a beast talisman
 t - the maw talisman of the Ecumenical Temple {Fly}
   (You took it off Rupert on level 2 of the Orcish Mines)

   [maw talisman]

   Fly:       It grants you flight.
 X - a blade talisman
Wands
 h - a wand of charming (11)
 k - a wand of mindburst (10)
 y - a wand of quicksilver (27)
 H - a wand of flame (70)
 M - a wand of iceblast (17)
 W - a wand of polymorph (3)
Scrolls
 f - 10 scrolls of immolation
 i - 2 scrolls of vulnerability
 B - 5 scrolls of enchant armour
 D - 7 scrolls of teleportation
 S - 9 scrolls of identify
Potions
 n - 2 potions of brilliance
 o - 4 potions of attraction
 s - 6 potions of lignification
 x - a potion of curing
 z - a potion of mutation
 J - a potion of enlightenment
 O - a potion of magic
Miscellaneous
 F - a lightning rod (2/4)
 G - a phial of floods


   Skills:
 * Level 11.3 Fighting
 * Level 16.2 Axes
 * Level 3.5 Throwing
 * Level 9.3 Armour
 * Level 8.2 Dodging
 * Level 7.6 Stealth
 * Level 7.5 Unarmed Combat
 * Level 4.1 Spellcasting
 * Level 4.2 Summonings
 * Level 4.7 Necromancy
 * Level 5.6 Invocations
 * Level 7.7 Evocations
 * Level 6.5 Shapeshifting


You had 4 spell levels left.
You knew the following spells:

 Your Spells              Type           Power      Damage    Failure   Level
a - Martyr's Knell        Necr/Summ      11%        N/A       97%         4
b - Summon Horrible Thin  Summ           5%         N/A       100%        8
c - Anguish               Hex/Necr       3%         N/A       100%        4
e - Summon Ice Beast      Ice/Summ       6%         N/A       94%         3

Your spell library contained the following spells:

 Spells                   Type           Power      Damage    Failure   Level
 Summon Small Mammal      Summ           40%        N/A       34%         1
 Cigotuvi's Dreadful Rot  Necr/Alch/Air  10%        N/A       83%         2
 Foxfire                  Conj/Fire      12%        2x1d4     89%         1
 Dazzling Flash           Conj/Hex       4%         N/A       99%         3
 Mephitic Cloud           Conj/Alch/Air  2%         N/A       99%         3
 Ozocubu's Armour         Ice            2%         N/A       99%         3
 Volatile Blastmotes      Fire/Tloc      6%         2d10      99%         3
 Cause Fear               Hex            1%         N/A       100%        4
 Fulminant Prism          Conj/Alch      1%         3d5       100%        4
 Iskenderun's Mystic Bla  Conj/Tloc      2%         2d3       100%        4
 Vhi's Electric Charge    Tloc/Air       4%         N/A       100%        4
 Arcjolt                  Conj/Air       1%         1d11      100%        5
 Metabolic Englaciation   Hex/Ice        1%         N/A       100%        5
 Summon Forest            Summ/Tloc      3%         N/A       100%        5
 Plasma Beam              Fire/Air       1%         2x1d11    100%        6
 Sculpt Simulacrum        Ice/Alch       1%         N/A       100%        6
 Starburst                Conj/Fire      1%         6d3       100%        6
 Enfeeble                 Hex            1%         N/A       100%        7
 Maxwell's Capacitive Co  Air            1%         ∞         100%        8


Dungeon Overview and Level Annotations

Branches:
Dungeon (15/15) Temple (1/1) D:5 Lair (5/5) D:10 Shoals (2/4) Lair:3 Snake (0/4) Lair:3 Slime (0/5) Lair:5 Orc (2/2) D:9 Elf (1/3) Orc:2 Vaults (0/5) D:13 D:14 Depths (0/4) D:15 Sewer (visited) Ossuary (visited) Volcano (visited)

Altars:
Ashenzari
Cheibriados
Dithmenos
Fedhas
Gozag
Hepliaklqana
Kikubaaqudgha
Makhleb
Nemelex Xobeh
Okawaru
Qazlal
Ru
Sif Muna
Trog
Uskayaw
Vehumet
Wu Jian
Xom
Yredelemnul
Beogh
Ignis
Lugonu

Shops:
D:1 !   D:3 [   D:4 *   D:15 *   Orc:2 *(*:

Portals:
Abyss: Lair:5
Trove: D:14 (give +2 gold dragon scales)


Innate Abilities, Weirdness & Mutations

You have hoof-like feet.
You may rarely emit foul miasma when damaged in melee.
When hurt, damage is shared between your health and your magic reserves.
You regenerate magic rapidly.
You are mostly covered in razor-sharp scales. (AC +2, Slay +2)
You are robust. (+10% HP)
You are covered in fur. (AC +1)


Message History

The faun shoots a sling bullet.
The sling bullet hits you but does no damage.
The faun shoots a sling bullet.
The sling bullet completely misses you. The snapping turtle closely misses you.
The merfolk aquamancer casts a spell at you.
The torrent of water hits you!!!
* * * LOW HITPOINT WARNING * * *
You are knocked back by the torrent of water.
The wave splashes down.
The faun shoots a sling bullet.
The sling bullet barely misses you.
The merfolk siren chants a haunting song.
You are mesmerised by the merfolk siren!
The merfolk aquamancer hits you with a +0 rapier.
* * * LOW HITPOINT WARNING * * *
The faun shoots a sling bullet.
The sling bullet misses you.
The sling bullet completely misses the snapping turtle.
You hear an angry hiss.
Okay, then.
You blink. 3 water elementals and a merfolk come into view.
The merfolk is wielding a +2 trident of holy wrath.
The merfolk shouts!
The faun shoots a sling bullet.
The sling bullet hits you.
* * * LOW HITPOINT WARNING * * *
The faun shoots a sling bullet.
The sling bullet hits you!
* * * LOW HITPOINT WARNING * * *
The merfolk siren chants its luring song.
The faun shoots a sling bullet.
The sling bullet hits you but does no damage.
The faun shoots a sling bullet.
The sling bullet hits you but does no damage.
A water elemental comes into view.
Lugonu will brand one of your weapons with the corruption of the Abyss.
Your executioner's axe shines brightly!
Lugonu booms: Use this gift wisely!
The faun shoots a sling bullet.
The sling bullet hits you but does no damage.
The faun shoots a sling bullet.
The sling bullet misses you.
The merfolk aquamancer gestures at you while chanting.
The shard of ice hits you!!
You die...

~~~~≈~..~~~~~~~~~~
P≈≈≈≈≈≈~~~≈≈≈c~~~~....
≈≈≈≈#≈≈~~~≈≈≈≈≈cc~P~~P
..≈≈≈≈≈≈≈~~~≈≈≈≈≈≈cP~~~P
..~~~≈≈≈≈≈≈)~≈≈≈≈≈≈≈~PPP
....~~~~≈≈≈≈~~~~~≈≈≈≈≈≈~
. .....~~≈≈~~m..~≈m≈≈≈≈≈
# ..###~≈~.~~~~≈≈≈≈≈≈≈ #
#.≈~t~m~@≈≈≈≈≈≈≈ ##
#####.~~~~~~≈≈~...~~
.####.....~~~~≈≈~~.....~
...###....~~≈m≈≈E..###.~
...)###..)~≈≈≈≈~~..# .
....##...~~E~~≈E~~.#
..####..~~~~~E≈~~~..
..## #..~~~~~~≈≈~~~..
~..####.~~~~~≈≈≈~~~


You could see 2 merfolk aquamancers, a snapping turtle, a merfolk, 4 fauns, 4
water elementals and a merfolk siren (mesmerising).

Vanquished Creatures
  Rupert (Orc:2)
  Frances (Shoals:2)
  Azrael (D:13)
  A red draconian (Volcano)
  A merfolk javelineer (Shoals:1)
  2 ettins
  Josephine (Lair:3)
  A rakshasa (D:15)
  A catoblepas (Lair:5)
  5 hydras
  8 centaur warriors
  3 two-headed ogres
  4 boulder beetles
  2 tengu warriors (D:15)
  Urug (D:13)
  5 thrashing horrors
  An occultist (D:14)
  An orc high priest (Orc:1)
  Nergalle (D:11)
  3 skysharks
  3 sea snakes (Shoals:1)
  2 deep trolls
  Lodul (D:14)
  Pikel (D:8)
  2 starcursed masses (Abyss:3)
  4 large abominations (Lair:5)
  5 orc knights (Orc:2)
  A lindwurm (Lair:5)
  The ghost of Livid the Trooper, a novice FoFi of Zin (D:8)
  A harpy (shapeshifter) (D:14)
  2 necromancers
  A deep elf zephyrmancer (D:15)
  28 ugly things
  10 cyclopes
  5 deep elf pyromancers
  6 orc sorcerers
  5 manticores
  9 elephants
  Joseph (D:8)
  3 black mambas
  2 water nymphs (Shoals:1)
  3 fauns (Shoals:1)
  4 merfolk sirens
  2 smoke demons (Lair:5)
  4 gargoyles
  A torpor snail (shapeshifter) (D:14)
  An eye of devastation (Lair:5)
  A kobold demonologist (D:13)
  2 centaur skeletons (D:15)
  11 cane toads
  2 unseen horrors (shapeshifter) (D:15)
  9 komodo dragons
  2 yaktaurs (Volcano)
  4 rime drakes
  An efreet (D:13)
  Psyche (D:8)
  2 tengu conjurers
  5 trolls
  12 merfolk
  2 wind drakes (Shoals:1)
  A hornet (D:7)
  8 polar bears
  2 raiju (Lair:5)
  A raiju (shapeshifter) (D:15)
  31 blink frogs
  A snapping turtle (Shoals:1)
  19 dream sheep (Lair:5)
  A glass eye (Lair:5)
  10 slime creatures (D:12)
  3 shadows
  Sigmund (D:3)
  3 ynoxinuls (Lair:5)
  A spriggan (Lair:5)
  8 wargs (Orc:2)
  41 yaks
  4 water elementals
  Eustachio (D:6)
  16 humans (D:13)
  7 wraiths
  6 steam dragons
  8 wyverns
  6 fire elementals (D:13)
  Menkaure (Ossuary)
  6 basilisks
  3 vampire mosquitoes (D:12)
  A chaos spawn (Lair:5)
  4 acid dragons
  A naga (shapeshifter) (D:15)
  8 small abominations (Lair:5)
  A naga (Lair:3)
  2 swamp worms (Lair:2)
  13 water moccasins
  2 hell hounds (D:13)
  An ice beast (D:8)
  9 laughing skulls
  23 orc warriors
  3 elephant zombies (Lair:3)
  An ice beast (shapeshifter) (D:13)
  A black bear (shapeshifter) (D:13)
  Pargi (Sewer)
  24 wolves
  A meliai simulacrum (D:15)
  12 ogres
  2 black bears
  14 centaurs
  3 lemures (D:8)
  2 komodo dragon zombies (Lair:3)
  A weeping skull (Abyss:2)
  3 brain worms
  9 bullfrogs
  3 gnoll sergeants
  6 scorpions
  12 killer bees
  An electric eel (Lair:3)
  10 howler monkeys
  A bombardier beetle (D:4)
  A quasit (Abyss:3)
  A basilisk zombie (Lair:3)
  10 orc priests
  2 gnoll boudas
  A hound (D:6)
  2 jellies
  A sleepcap (D:5)
  4 iguanas
  25 orc wizards
  3 mummies (Ossuary)
  19 gnolls
  An adder (D:2)
  A river rat (D:3)
  A shadow imp (D:7)
  2 white imps
  4 dart slugs
  A ribbon worm (D:2)
  74 orcs
  6 endoplasms
  6 giant cockroaches
  7 goblins
  7 hobgoblins
  6 jackals
  9 kobolds
  2 quokkas (D:3)
  11 ball pythons
  6 bats
  7 frilled lizards
  5 gnoll skeletons (Ossuary)
  3 gnoll zombies (Ossuary)
  3 goblin skeletons (Ossuary)
  5 goblin zombies (Ossuary)
  4 hobgoblin skeletons (Ossuary)
  8 hobgoblin zombies (Ossuary)
  3 kobold skeletons (Ossuary)
  6 kobold zombies (Ossuary)
  6 orc skeletons (Ossuary)
  3 orc zombies (Ossuary)
  7 rats
  4 rat skeletons (Ossuary)
  A spectral orc (D:8)
  2 butterflies (Lair:2)
850 creatures vanquished.

Vanquished Creatures (collateral kills)
  A two-headed ogre (D:8)
  A bullfrog (D:8)
2 creatures vanquished.

Vanquished Creatures (others)
  A rime drake (Shoals:1)
  A vampire mosquito (D:14)
  A centaur (D:14)
3 creatures vanquished.

Grand Total: 855 creatures vanquished

Notes
Turn   | Place    | Note
-------+----------+-------------------------------------------
     0 | D:1      | ezpacito the Demonspawn Berserker began the quest for the
                  | Orb.
     0 | D:1      | Reached XP level 1. HP: 18/18 MP: 1/1
   102 | D:1      | Got the Incunabulum of the Ghoulish Congregation
   113 | D:1      | Found Wichol's Distillery.
   130 | D:1      | Gained mutation: You have large cloven feet. [demonic
                  | ancestry]
   130 | D:1      | Reached XP level 2. HP: 24/24 MP: 2/2
   196 | D:1      | Reached skill level 3 in Axes
   314 | D:1      | Gained mutation: You regenerate magic rapidly. [demonic
                  | ancestry]
   314 | D:1      | Reached XP level 3. HP: 29/29 MP: 3/3
   320 | D:1      | Found a faded altar of an unknown god.
   454 | D:1      | Reached ** piety under Trog
  1059 | D:2      | Reached XP level 4. HP: 35/35 MP: 4/4
  1410 | D:2      | Reached skill level 1 in Stealth
  1707 | D:2      | Identified 3 scrolls of acquirement
  1711 | D:2      | Acquired the +7 plate armour of Trumpets {Str+3}
  1723 | D:2      | Acquired the ring of Linearity {Fire rPois Str+3 Slay+4}
  1726 | D:2      | Acquired the amulet of Impatience {Faith Regen+ SInv}
  1751 | D:3      | Found a glowing drain.
  1788 | D:3      | Identified the -1 pair of gloves of the Game of Life
                  | {+Blink rF- rN+ Dex+7}
  1828 | D:3      | Reached skill level 1 in Unarmed Combat
  1840 | Sewer    | Entered a sewer
  1840 | Sewer    | Noticed a brain worm
  1844 | Sewer    | Killed a brain worm
  1845 | Sewer    | Reached skill level 4 in Axes
  1845 | Sewer    | Gained mutation: You are partially covered in razor-sharp
                  | scales. (AC +1, Slay +1) [demonic ancestry]
  1845 | Sewer    | Reached XP level 5. HP: 41/41 MP: 5/5
  1885 | Sewer    | Reached *** piety under Trog
  1921 | Sewer    | Noticed Pargi
  1929 | Sewer    | Killed Pargi
  1930 | Sewer    | Gained mutation: When hurt, damage is shared between your
                  | health and your magic reserves. [demonic ancestry]
  1930 | Sewer    | Reached XP level 6. HP: 48/48 MP: 6/6
  2173 | D:3      | Found Nus Dopp's Antique Armour Shop.
  2238 | D:3      | Noticed Sigmund
  2245 | D:3      | Killed Sigmund
  2596 | D:4      | Found a sand-covered staircase.
  2602 | Ossuary  | Entered an ossuary
  2708 | Ossuary  | Reached **** piety under Trog
  2767 | Ossuary  | Gained mutation: You may rarely emit foul miasma when
                  | damaged in melee. [demonic ancestry]
  2767 | Ossuary  | Reached XP level 7. HP: 54/54 MP: 7/7
  2878 | Ossuary  | Reached ***** piety under Trog
  2879 | Ossuary  | Noticed Menkaure
  2886 | Ossuary  | Killed Menkaure
  2887 | Ossuary  | Reached skill level 5 in Axes
  2989 | D:4      | Found Rufi's Assorted Antiques.
  2997 | D:4      | Bought a scroll of identify for 38 gold pieces
  2997 | D:4      | Bought a scroll labelled FOGUDA DUALIO for 19 gold pieces
  2997 | D:4      | Bought a potion of curing for 57 gold pieces
  3181 | D:4      | Found a snail-covered altar of Cheibriados.
  3535 | D:5      | Entered Level 5 of the Dungeon
  3552 | D:5      | Found a staircase to the Ecumenical Temple.
  3574 | Temple   | Entered the Ecumenical Temple
  3593 | D:5      | Identified the +10 battleaxe "Jellyslayer" {heavy, rElec
                  | rPois rF+ rC+ Stlth-} (Trog gifted it to you on level 5 of
                  | the Dungeon)
  3593 | D:5      | Received a gift from Trog
  3658 | D:5      | Reached skill level 6 in Axes
  3667 | D:5      | Reached XP level 8. HP: 61/61 MP: 8/8
  3947 | D:6      | Noticed Eustachio
  3952 | D:6      | Reached skill level 5 in Fighting
  3958 | D:6      | Killed Eustachio
  3959 | D:6      | Reached skill level 7 in Axes
  4083 | D:6      | Reached skill level 1 in Evocations
  4083 | D:6      | Reached skill level 1 in Shapeshifting
  4214 | D:6      | Reached XP level 9. HP: 65/68 MP: 9/9
  4692 | D:7      | Reached skill level 8 in Axes
  5047 | D:8      | Noticed Pikel
  5054 | D:8      | Received a gift from Trog
  5072 | D:8      | Killed Pikel
  5135 | D:8      | Noticed Joseph
  5144 | D:8      | Killed Joseph
  5145 | D:8      | Reached skill level 9 in Axes
  5145 | D:8      | Reached XP level 10. HP: 57/76 MP: 5/10
  5370 | D:8      | Noticed Livid's ghost (novice FoFi)
  5371 | D:8      | Noticed a two-headed ogre
  5376 | D:8      | Found a transporter.
  5387 | D:8      | Found a hazy altar of Hepliaklqana.
  5399 | D:8      | Found a transporter.
  5596 | D:8      | Noticed Psyche
  5597 | D:8      | Paralysed by Psyche for 1 turns
  5600 | D:8      | Killed Psyche
  5727 | D:8      | Killed a two-headed ogre
  5730 | D:8      | Killed Livid's ghost
  5933 | D:9      | Found a staircase to the Orcish Mines.
  5964 | D:9      | Reached skill level 10 in Axes
  6358 | D:10     | Entered Level 10 of the Dungeon
  6363 | D:10     | Reached skill level 5 in Armour
  6363 | D:10     | Reached skill level 5 in Dodging
  6383 | D:10     | Reached XP level 11. HP: 77/83 MP: 9/11
  6398 | D:10     | Found a staircase to the Lair.
  6543 | D:10     | Reached skill level 5 in Stealth
  6577 | D:10     | Found an iron altar of Okawaru.
  6596 | D:10     | Received a gift from Trog
  6843 | D:10     | Found a sparkling altar of Nemelex Xobeh.
  6861 | D:10     | Found a bloodstained altar of Trog.
  6863 | D:10     | Found an ornate altar of the Wu Jian Council.
  6863 | D:10     | Found a stormy altar of Qazlal.
  6864 | D:10     | Found an opulent altar of Gozag.
  6871 | D:10     | Found a hide-covered altar of Uskayaw.
  7013 | D:11     | Noticed a two-headed ogre
  7020 | D:11     | Killed a two-headed ogre
  7021 | D:11     | Reached skill level 11 in Axes
  7022 | D:11     | HP: 1/126 [cyclops (18)]
  7474 | D:11     | Noticed Nergalle
  7482 | D:11     | Killed Nergalle
  7837 | D:12     | Noticed a centaur warrior
  7842 | D:12     | Killed a centaur warrior
  8025 | D:12     | Gained mutation: You are mostly covered in razor-sharp
                  | scales. (AC +2, Slay +2) [demonic ancestry]
  8025 | D:12     | Reached XP level 12. HP: 57/92 MP: 6/12
  8125 | D:12     | Reached skill level 5 in Unarmed Combat
  8299 | D:13     | Received a gift from Trog
  8321 | D:13     | Noticed a centaur warrior
  8321 | D:13     | Noticed a centaur warrior
  8324 | D:13     | Noticed a boulder beetle
  8325 | D:13     | Killed a centaur warrior
  8326 | D:13     | Reached skill level 5 in Evocations
  8332 | D:13     | Killed a centaur warrior
  8334 | D:13     | Killed a boulder beetle
  8335 | D:13     | Reached skill level 12 in Axes
  8351 | D:13     | Noticed a centaur warrior
  8362 | D:13     | Killed a centaur warrior
  8644 | D:13     | Noticed Azrael
  8651 | D:13     | Killed Azrael
  8665 | D:13     | Noticed a four-headed hydra
  8670 | D:13     | Killed a two-headed hydra
  8861 | D:14     | Noticed Nessos
  8861 | D:14     | Noticed Urug
  8861 | D:14     | Noticed a two-headed ogre
  8861 | D:14     | Found a gate to the Vaults.
  8870 | D:14     | Noticed a two-headed ogre
  8903 | D:13     | Killed a two-headed ogre
  8904 | D:13     | Killed a two-headed ogre
  8936 | D:14     | Gained mutation: You have hoof-like feet. [demonic
                  | ancestry]
  8936 | D:14     | Reached XP level 13. HP: 93/100 MP: 11/13
  8944 | D:13     | Killed Urug
  9053 | D:14     | Noticed Lodul
  9060 | D:14     | Killed Lodul
  9097 | D:14     | Found a portal to a secret trove of treasure.
  9119 | D:14     | Reached skill level 13 in Axes
  9162 | Abyss:2  | Cast into level 2 of the Abyss (an occultist)
  9187 | Abyss:2  | Noticed a starcursed mass
  9285 | Abyss:3  | Found a corrupted altar of Lugonu.
  9294 | Abyss:3  | Fell from the grace of Trog
  9294 | Abyss:3  | Became a worshipper of Lugonu the Unformed
  9294 | Abyss:3  | Reached * piety under Lugonu
  9294 | Abyss:3  | Reached ** piety under Lugonu
  9326 | Abyss:3  | Noticed a starcursed mass
  9402 | Abyss:3  | Found a transporter.
  9424 | Abyss:3  | Noticed a green draconian monk
  9425 | D:14     | Escaped the Abyss
  9694 | D:14     | Reached skill level 5 in Shapeshifting
  9830 | D:14     | Reached skill level 1 in Invocations
  9837 | D:14     | Reached skill level 14 in Axes
  9857 | D:14     | Learned a level 4 spell: Martyr's Knell
  9866 | D:14     | Learned a level 8 spell: Summon Horrible Things
  9867 | D:14     | Gained mutation: Your body sometimes deteriorates upon
                  | taking damage. [potion of mutation]
  9867 | D:14     | Gained mutation: You have hooves in place of feet. [potion
                  | of mutation]
  9977 | D:14     | Nessos changed into Nessos the rime drake
  9977 | D:14     | Noticed Nessos
  9981 | D:14     | Killed Nessos the rime drake
 10282 | D:14     | Reached XP level 14. HP: 69/109 MP: 10/15
 10307 | D:14     | Reached *** piety under Lugonu
 10318 | D:14     | Reached skill level 1 in Necromancy
 10471 | D:14     | Learned a level 1 spell: Summon Small Mammal
 10473 | D:14     | Learned a level 1 spell: Foxfire
 10943 | D:15     | Entered Level 15 of the Dungeon
 10980 | D:15     | Identified the +10 whip of Worim {venom, Int+2 SInv}
 11028 | D:15     | Reached skill level 1 in Summonings
 11130 | D:15     | Found Erriof's Assorted Antiques.
 11138 | D:15     | Bought a wand of polymorph (1) for 36 gold pieces
 11138 | D:15     | Bought a shiny orb for 312 gold pieces
 11138 | D:15     | Bought a scroll of identify for 52 gold pieces
 11138 | D:15     | Bought a scratched granite ring for 130 gold pieces
 11138 | D:15     | Bought a glowing iron wand for 104 gold pieces
 11594 | D:15     | Reached skill level 1 in Spellcasting
 11924 | D:15     | Paralysed by an orc sorcerer for 5 turns
 11935 | D:15     | Reached skill level 10 in Fighting
 11948 | D:15     | Found a staircase to the Depths.
 12101 | Lair:1   | Entered Level 1 of the Lair of Beasts
 12203 | Lair:1   | Reached **** piety under Lugonu
 12991 | Lair:2   | Reached skill level 1 in Throwing
 13005 | Lair:2   | Paralysed by Trog for 7 turns
 13102 | Lair:2   | You fall into a shaft and drop 2 floors!
 13146 | Lair:4   | Learned a level 3 spell: Summon Ice Beast
 13311 | Lair:4   | Reached ***** piety under Lugonu
 13342 | Lair:4   | Reached skill level 15 in Axes
 14005 | Lair:3   | Noticed Josephine
 14014 | Lair:3   | Killed Josephine
 14015 | Lair:3   | Reached XP level 15. HP: 99/116 MP: 18/18
 14156 | Lair:5   | Entered Level 5 of the Lair of Beasts
 14373 | Lair:5   | Got an earthy gem with 1330 turns to spare
 14440 | Lair:5   | Found a corrupted altar of Lugonu.
 14440 | Lair:5   | Found a one-way gate to the infinite horrors of the Abyss.
 14460 | Lair:5   | Identified the +3 quarterstaff of the Egg {spect, Int+4}
 14734 | Lair:5   | Reached ****** piety under Lugonu
 14907 | Lair:5   | Found a staircase to the Slime Pits.
 14962 | Lair:5   | Lost mutation: Your body sometimes deteriorates upon taking
                  | damage. [potion of mutation]
 14962 | Lair:5   | Lost mutation: You have hooves in place of feet. [potion of
                  | mutation]
 14962 | Lair:5   | Gained mutation: You are robust. (+10% HP) [potion of
                  | mutation]
 14962 | Lair:5   | Gained mutation: You are covered in fur. (AC +1) [potion of
                  | mutation]
 15994 | Lair:3   | Found a staircase to the Snake Pit.
 16582 | Lair:3   | Found a staircase to the Shoals.
 16844 | Lair:2   | Learned a level 4 spell: Anguish
 17351 | Orc:1    | Entered Level 1 of the Orcish Mines
 17429 | Orc:1    | Found a dark tunnel.
 17472 | Volcano  | Entered a volcano
 17492 | Volcano  | Found a burning altar of Makhleb.
 17533 | Volcano  | Reached skill level 5 in Invocations
 18043 | Orc:2    | Entered Level 2 of the Orcish Mines
 18058 | Orc:2    | Identified the maw talisman of the Ecumenical Temple {Fly}
 18058 | Orc:2    | Noticed Rupert
 18070 | Orc:2    | Killed Rupert
 18297 | Orc:2    | Reached XP level 16. HP: 137/137 MP: 21/21
 18300 | Orc:2    | Found Falux's Weapon Shop.
 18300 | Orc:2    | Found Zintim's Assorted Antiques.
 18311 | Orc:2    | Bought 6 atropa-tipped darts for 91 gold pieces
 18311 | Orc:2    | Bought 4 poisoned darts for 40 gold pieces
 18355 | Orc:2    | Bought a transparent cloak for 294 gold pieces
 18355 | Orc:2    | Identified the -1 cloak "Upnixa" {rN+} (You bought it in a
                  | shop on level 2 of the Orcish Mines)
 18355 | Orc:2    | Bought a scroll of teleportation for 93 gold pieces
 18355 | Orc:2    | Bought a scroll of enchant weapon for 232 gold pieces
 18355 | Orc:2    | Bought a potion of curing for 93 gold pieces
 18437 | Orc:2    | Reached skill level 16 in Axes
 18597 | Orc:2    | Found a roughly hewn altar of Beogh.
 18605 | Orc:2    | Found Sofook's Book Shop.
 18620 | Orc:2    | Found Suzaes's Assorted Antiques.
 18634 | Orc:2    | Bought Ceudyu Widi's Codex of the Creative Nimbus for 616
                  | gold pieces
 18644 | Orc:2    | Bought a scroll of identify for 58 gold pieces
 18668 | Orc:2    | Found a staircase to the Elven Halls.
 19201 | Elf:1    | Entered Level 1 of the Elven Halls
 19337 | Shoals:1 | Entered Level 1 of the Shoals
 19691 | Shoals:1 | Was forgiven by Trog
 20178 | Shoals:2 | Noticed Frances
 20186 | Shoals:2 | Killed Frances
 20200 | Shoals:2 | Identified a +9 executioner's axe of distortion (a +9
                  | antimagic executioner's axe corrupted by Lugonu)
 20200 | Shoals:2 | Received a gift from Lugonu
 20200 | Shoals:2 | Killed from afar by a merfolk aquamancer

Illustrated notes

Levels and vault maps discovered:
D:1:      amcnicky_arrival_underground_garden, layout_basic, serial_shops, shop,
          basic_ecumenical_altar, minmay_nonomino_d4
D:2:      layout_basic
D:3:      layout_loops_ring, gup_sewer_entry_bowl, serial_shops,
          nicolae_shop_dealshenge, kennysheep_generic_room_11, uniq_sigmund
D:4:      layout_loops_cross, slow_altar_1, serial_shops,
          nicolae_shop_temple_entry_statues_fountains,
          nicolae_ossuary_entry_plus
D:5:      layout_rooms, minmay_temple_entry_junction_2,
          kennysheep_generic_room_7
D:6:      layout_rooms, hangedman_decor_clover_reticule, uniq_eustachio
D:7:      layout_basic
D:8:      layout_basic, nicolae_hepliaklqana_monster_ancestors,
          gammafunk_ghost_arena, uniq_psyche, uniq_joseph, uniq_pikel
D:9:      layout_basic, orc_0_dummy, minmay_misc_feat_pillars
D:10:     layout_loops_ring, mainiacjoe_overflow_boulevard,
          nicolae_overflow_hallway_of_the_gods, minmay_lair_entry_grove,
          st_stairs_9
D:11:     layout_roguey, uniq_nergalle
D:12:     layout_loops_ring
D:13:     layout_rooms, drop_trap, uniq_azrael
D:14:     kennysheep_bubbly, layout_basic, david_vaults_3, serial_rivers,
          chequers_serial_rivers_micro_a, chequers_serial_rivers_room_a,
          chequers_serial_rivers_small_3, chequers_serial_rivers_room_b,
          enter_trove_0, dk_noncrumbling_3,
          nicolae_concentric_dashed_squares_mild, uniq_lodul
D:15:     grunt_enter_depths_magical_seal, layout_basic, serial_shops, shop
Temple:   ebering_untended_altars
Lair:1:   layout_loops_ring, chequers_serial_rivers_marsh,
          hangedman_lair_generics_rect, lemuel_fruit_tree
Lair:2:   layout_roguey, worms_lemuel, infiniplex_staircase_pool,
          lemuel_fruit_fields, grunt_megastairs_2
Lair:3:   pond_and_an_island_with_a_cottage, layout_gridlike,
          elwin_shoals_entry_stream, guppyfry_snake_entry_island, minivault_27,
          uniq_josephine
Lair:4:   layout_cave_pods
Lair:5:   hellmonk_lair_end_abyssal_woods, layout_misc_corridors,
          minmay_slime_entry_eyes, infiniplex_staircase_pool_2
Shoals:1: layout_shoals, nicolae_shoals_drake_roost
Shoals:2: layout_shoals, uniq_ilsuiw, uniq_frances
Orc:1:    layout_caves, nicolae_volcano_entry_two_sided
Orc:2:    st_orc_town, layout_diamond_mine, uniq_rupert
Elf:1:    nicolae_elf_arrival_fired_up, layout_loops_corners,
          kennysheep_underground_church, hellmonk_guarded_unrand_damnation

Skill      XL: |  1  2  3  4  5  6  7  8  9 10 11 12 13 14 15 16 |
---------------+-------------------------------------------------+-----
Axes           | 3 4 6 7 9 10 11 12 14 15 16 | 16.2
Dodging        | 2 3 4 5 6 7 8 |  8.2
Armour         | 2 3 4 5 6 7 8 9 |  9.3
Stealth        | 1 2 3 4 5 6 7 |  7.6
Unarmed Combat | 1 2 3 4 5 6 7 |  7.5
Fighting       | 4 5 6 8 9 10 11 | 11.3
Evocations     | 1 2 3 4 5 6 7 |  7.7
Shapeshifting  | 1 2 3 4 5 6 |  6.5
Invocations    | 1 3 5 |  5.6
Necromancy     | 2 4 |  4.7
Summonings     | 2 3 4 |  4.2
Spellcasting   | 2 3 4 |  4.1
Throwing       | 1 3 |  3.5

Action                     |  1- 3 |  4- 6 |  7- 9 | 10-12 | 13-15 | 16-18 || total
---------------------------+-------+-------+-------+-------+-------+-------++-------
  Melee: Hand axe          |    75 |   109 |    60 |       |       |       ||   244
         Kick              |     9 |    25 |    29 |    37 |   150 |    44 ||   294
         Demon trident     |       |    23 |       |       |       |       ||    23
         Battleaxe         |       |       |    91 |   182 |   562 |   151 ||   986
  Throw: Boomerang         |       |       |       |     1 |       |       ||     1
 Invoke: Berserk           |       |     1 |     4 |     6 |     1 |       ||    12
         Trog's Hand       |       |       |       |     2 |     1 |       ||     3
         Brothers in Arms  |       |       |       |     1 |       |       ||     1
         Depart the Abyss  |       |       |       |       |     1 |       ||     1
         Brand Weapon With |       |       |       |       |       |     1 ||     1
Ability: Evoke Blink       |       |       |       |       |       |     1 ||     1
  Evoke: Wand              |       |       |       |       |    10 |    10 ||    20
         Lightning rod     |       |       |       |       |     4 |     3 ||     7
    Use: Scroll            |       |    13 |    13 |     6 |    19 |     2 ||    53
         Potion            |       |       |       |     5 |    40 |     6 ||    51
   Stab: Invisible         |       |       |       |     1 |    10 |       ||    11
 Armour: Leather armour    |    36 |       |       |       |       |       ||    36
         Animal skin       |     1 |       |       |       |       |       ||     1
         Chain mail        |     5 |    25 |       |       |       |       ||    30
         Plate armour      |       |    60 |   180 |   347 |   851 |   286 ||  1724
         Skin              |       |       |       |       |    17 |       ||    17
  Dodge: Dodged            |    34 |    46 |    78 |   164 |   469 |   164 ||   955

Table legend: (Time is in decaauts)
 A = Elapsed time spent in this place.
 B = Non-inter-level travel time spent in this place.
 C = Inter-level travel time spent in this place.
 D = Time resting spent in this place.
 E = Time spent auto-exploring this place.
 F = Levels seen in this place.
 G = Mean time per level.
                   A        B        C        D        E       F      G
               +--------+--------+--------+--------+--------+-----+--------+
         Total |  21146 |  18244 |   2902 |    533 |  13086 |  31 |  682.1 |
       Dungeon |  12414 |  10261 |   2153 |    287 |   7706 |  15 |  827.6 |
        Temple |      2 |      1 |      1 |      0 |      0 |   1 |    2.0 |
          Lair |   5299 |   4748 |    551 |     44 |   3728 |   5 | 1059.8 |
        Shoals |    952 |    921 |     31 |    129 |    539 |   2 |  476.0 |
  Orcish Mines |   1475 |   1315 |    160 |     68 |    866 |   2 |  737.5 |
   Elven Halls |     31 |     27 |      4 |      0 |      0 |   1 |   31.0 |
         Abyss |    247 |    247 |      0 |      0 |     20 |   2 |  123.5 |
         Sewer |    172 |    172 |      0 |      0 |     98 |   1 |  172.0 |
       Ossuary |    358 |    358 |      0 |      0 |    127 |   1 |  358.0 |
       Volcano |    192 |    192 |      0 |      4 |      0 |   1 |  192.0 |
               +--------+--------+--------+--------+--------+-----+--------+

Top non-repeatable levels by time:
  Lair:5: 1348 daAuts
    D:14: 1335 daAuts
  Lair:3: 1267 daAuts
  Lair:4: 1025 daAuts
   Orc:2: 1016 daAuts
    D:12: 1002 daAuts
     D:1: 986 daAuts
    D:10: 949 daAuts
    D:13: 905 daAuts
     D:8: 890 daAuts
Shoals:1: 890 daAuts
  Lair:1: 853 daAuts
     D:7: 850 daAuts
    D:15: 843 daAuts
  Lair:2: 804 daAuts
